 Dungeon Crawl Stone Soup version 0.30-a0-723-gc1506a1cf0 (console) character file.

Game seed: 11493301026955197134

5 petzl the Sneak (level 1, 0/18 HPs)
             Began as a Formicid Delver on Jan 28, 2023.
             Slain by a goblin
             ... wielding a +0 dagger
             ... led by Robin
              (2 damage)
             ... on level 3 of the Dungeon.
             The game lasted 00:01:42 (242 turns).

petzl the Sneak (Formicid Delver)                    Turns: 242, Time: 00:01:42

Health: 0/18       AC:  3    Str: 16    XL:     1   Next: 88%
Magic:  1/1        EV: 12    Int:  9    God:
Gold:   29         SH:  0    Dex: 15    Spells: 0/0 levels left

rFire   . . .      SeeInvis +    a - +0 mace
rCold   . . .      Faith    .    (no shield)
rNeg    . . .      Spirit   .    b - +0 leather armour
rPois   .          Reflect  .    (helmet unavailable)
rElec   .          Harm     .    (no cloak)
rCorr   .          Rampage  .    (no gloves)
Will    .....                    (no boots)
Stlth   +++                      (no amulet)
HPRegen 0.23/turn                (no ring)
MPRegen 0.07/turn                (no ring)

@: no status effects
A: permanent stasis, dig shafts and tunnels, antennae 3, four strong arms
a: Dig, Shaft Self


You were on level 3 of the Dungeon.
You visited 2 branches of the dungeon, and saw 4 of its levels.

You collected 29 gold pieces.

Inventory:

Hand Weapons
 a - a +0 mace (weapon)
Armour
 b - a +0 leather armour (worn)
Wands
 g - a wand of digging (3)
Scrolls
 c - a scroll of fog
 d - a scroll of magic mapping
 e - a scroll of fear
 h - a scroll of poison {unknown}
 j - 4 scrolls of identify {unknown}
Potions
 f - a potion of haste
 i - a potion of brilliance {unknown}
 k - a potion of attraction {unknown}
 l - a potion of mutation {unknown}
 m - a potion of invisibility {unknown}


   Skills:
 + Level 3.4 Fighting
 + Level 2.1 Maces & Flails
 + Level 1.9 Dodging
 + Level 6.1 Stealth


You couldn't memorise any spells.
You didn't know any spells.
Your spell library was empty.

Dungeon Overview and Level Annotations

Branches:
Dungeon (5/15)             Temple (1/1) D:4

Altars:
Dithmenos
Elyvilon
Fedhas
Kikubaaqudgha
Makhleb
Nemelex Xobeh
Okawaru
Qazlal
Ru
Sif Muna
Trog
Uskayaw
Wu Jian
Zin
The Shining One

Annotations:
D:3 exclusion: adder, Robin


Innate Abilities, Weirdness & Mutations

You cannot be hasted, slowed, berserked, paralysed or teleported.
You can dig through walls and to a lower floor.
You have a pair of large antennae on your head. (SInv)
Your four strong arms can wield two-handed weapons with a shield.


Message History

A goblin comes into view. It is wielding a +0 dagger.
Robin of the Strong Arm comes into view.
They are wielding a +0 falchion and carrying a wand of roots (11).
You closely miss the goblin. The goblin hits you but does no damage.
The goblin hits you with a +0 dagger.
Robin shouts!
The goblin shouts!
The hobgoblin shouts!
You hit the goblin but do no damage.
You hear a shout!
The goblin hits you with a +0 dagger.
You hit the goblin.
The goblin is severely wounded.
The goblin hits you but does no damage.
The hobgoblin shouts!
You hit the goblin.
You kill the goblin!
Robin throws the goblin at you! The goblin barely misses you.
You barely miss the goblin.
Robin roars a battlecry!
The goblins go into a battle-frenzy!
The goblin barely misses you.
A goblin comes into view. It is wielding a +0 dagger.
The goblin closely misses you.
The goblin shouts!
You completely miss the goblin. The goblin closely misses you.
You barely miss the goblin. The goblin barely misses you.
You completely miss the goblin. The goblin misses you.
The goblin hits you with a +0 club.
You hit the goblin.
The goblin is moderately wounded.
Robin throws the goblin at you! The goblin misses you.
The goblin hits you with a +0 dagger.
* * * LOW HITPOINT WARNING * * *
The goblin attacks as you move away! The goblin closely misses you.
Robin throws the goblin at you! The goblin hits you with a +0 dagger.
* * * LOW HITPOINT WARNING * * *
The goblin hits you with a +0 dagger.
* * * LOW HITPOINT WARNING * * *
Things that are here:
a +0 dagger of venom {!f =f}; a goblin corpse The goblin attacks as you move away!
The goblin hits you with a +0 dagger.
You die...

##### #...#
#...######
####........#
.g######.........#.#
.g.ggg)ggg.....†.#.#
.g#{####g@<.....>..#
#######...##.###
#.........##.#
#.........##.#
#.......####.###
#.......####...#
#.......#......#
#.......#.###..#
#...........#..#
#########.#.#..#
#..>...# ###.##.#
#######.##.#
#..........#
...##.......#
#.##.##.# #.##.# .#
#=.......# #
#S#.#.####


You could see 2 hobgoblins and 5 goblins.

Vanquished Creatures
  2 goblins (D:3)
  2 jackals
4 creatures vanquished.

Notes
Turn   | Place    | Note
-------+----------+-------------------------------------------
     0 | D:5      | petzl the Formicid Delver began the quest for the Orb.
     0 | D:5      | Reached XP level 1. HP: 18/18 MP: 1/1
    51 | D:4      | Found a staircase to the Ecumenical Temple.
    59 | Temple   | Entered the Ecumenical Temple
   200 | D:4      | Noticed a hound
   230 | D:3      | Noticed Robin
   242 | D:3      | Slain by a goblin

Illustrated notes

Levels and vault maps discovered:
D:3:      layout_loops_cross, nicolae_gozag_zags_fifth_avenue, uniq_pargi,
          uniq_sigmund, uniq_robin
D:4:      gammafunk_steamed_eel, layout_gridville,
          minmay_temple_entry_mini_moons, portal_sewer_entry_d,
          ebering_ghost_sewer_f
D:5:      layout_loops_ring, minmay_circle_x, uniq_crazy_yiuf_cottage,
          uniq_prince_ribbit1
Temple:   eino_wide_crystal_templ

Action                     || total
---------------------------++-------
  Melee: Mace              ||    14
 Armour: Leather armour    ||     5
  Dodge: Dodged            ||    11

Table legend: (Time is in decaauts)
 A = Elapsed time spent in this place.
 B = Non-inter-level travel time spent in this place.
 C = Inter-level travel time spent in this place.
 D = Time resting spent in this place.
 E = Time spent auto-exploring this place.
 F = Levels seen in this place.
 G = Mean time per level.
                   A        B        C        D        E       F      G
               +--------+--------+--------+--------+--------+-----+--------+
         Total |    247 |    225 |     22 |      0 |     40 |   4 |   61.8 |
       Dungeon |    174 |    174 |      0 |      0 |      0 |   3 |   58.0 |
        Temple |     72 |     50 |     22 |      0 |     40 |   1 |   72.0 |
               +--------+--------+--------+--------+--------+-----+--------+

Top non-repeatable levels by time:
     D:3: 87 daAuts
  Temple: 72 daAuts
     D:4: 61 daAuts
     D:5: 26 daAuts
